 Dungeon Crawl Stone Soup version 0.17-a0-1481-gfdcec5c (webtiles) character file.

781 ztt the Chopper (level 7, -9/64 HPs)
             Began as a Minotaur Berserker on July 4, 2015.
             Was a Believer of Trog.
             Mangled by an orc warrior
             ... wielding a +0 hand axe
              (10 damage)
             ... on level 8 of the Dungeon.
             The game lasted 00:05:46 (1008 turns).

ztt the Chopper (Minotaur Berserker)                Turns: 1008, Time: 00:05:46

Health: -9/64      AC: 11    Str: 24    XL:     7   Next: 55%
Magic:  6/6        EV:  8    Int:  4    God:    Trog [**....]
Gold:   32         SH:  0    Dex:  9    Spells: 0 memorised, 6 levels left

rFire  . . .     SeeInvis .     a - +0 hand axe
rCold  . . .     Clarity  .     d - +0 plate armour
rNeg   . . .     SustAt   .     (no shield)
rPois  .         Gourm    .     (helmet restricted)
rElec  .         Spirit   .     (no cloak)
rCorr  .         Warding  .     (no gloves)
rMut   .         Stasis   .     (no boots)
MR     .....                    (no amulet)
Stlth  ..........               (no ring)
                                (no ring)

@: lethally poisoned (-9 -> -11), exhausted, slowed, very slow, not resistant to
hostile enchantments, extremely unstealthy
A: retaliatory headbutt, horns 2
a: Burn Spellbooks, Berserk, Trog's Hand, Renounce Religion


You were on level 8 of the Dungeon.
You worshipped Trog.
Trog was pleased with you.
You were not hungry.

You visited 1 branch of the dungeon, and saw 8 of its levels.

You collected 32 gold pieces.

Inventory:

Hand weapons
 a - a +0 hand axe (weapon)
Armour
 b - a +0 animal skin
 d - a +0 plate armour (worn)
Scrolls
 g - 2 scrolls of identify {unknown}
 h - 2 scrolls of remove curse {unknown}
 j - a scroll of recharging {unknown}
Potions
 e - a potion of mutation {unknown}
 i - a potion of heal wounds
Comestibles
 c - 2 bread rations


   Skills:
 + Level 6.6 Fighting
 + Level 6.8 Axes
 + Level 3.7 Armour
 + Level 5.3 Dodging
 + Level 0.3 Stealth


You had 6 spell levels left.
You didn't know any spells.

Dungeon Overview and Level Annotations

Branches:
Dungeon (8/15)
 Temple: D:4-7         Lair: D:8-11

Altars:

Shops:
D:7 (=

Portals:
Sewer: D:5


Innate Abilities, Weirdness & Mutations

You reflexively headbutt those who attack you in melee.
You have a pair of horns on your head.


Message History

The orc warrior hits you but does no damage.
Drink which item? (? for menu, Esc to quit)
It was a potion of heal wounds.
You feel much better.
You feel sick.
The orc priest hits you but does no damage.
The orc warrior hits you with a hand axe!
* * * LOW HITPOINT WARNING * * *
You hit the orc warrior. Your headbutt misses the orc warrior.
The orc warrior is severely wounded.
You closely miss the orc priest.
The orc priest is almost dead.
The orc priest hits you but does no damage.
The orc warrior hits you with a hand axe!
* * * LOW HITPOINT WARNING * * *
You hit the orc warrior but do no damage.
The orc warrior is severely wounded.
You hit the orc priest.
You kill the orc priest!
Trog accepts your kill.
The orc warrior hits you with a hand axe!
You die...

#......#
.#......#
........#
#......#
#......#
#......#
#....o)#
#....)@#
#.....[#
#......#
#......#
#......#
########


You could see an orc warrior.

Vanquished Creatures
  The ghost of cireshan the Magician, an experienced DECj of Sif Muna (D:5)
  An orc warrior (D:7)
  A sky beast (D:5)
  An ogre (D:5)
  A wight (D:3)
  An electric eel (D:7)
  A crimson imp (D:5)
  A hound (D:5)
  2 orc priests (D:8)
  An orc wizard (D:8)
  2 adders
  An ooze (D:4)
  An adder skeleton (D:5)
  2 orcs
  A bat zombie (D:5)
  2 goblins
  2 hobgoblins (D:8)
  2 quokkas (D:8)
  5 bats
  2 giant geckos
  A giant gecko skeleton (D:5)
  2 jackals
  2 rats
36 creatures vanquished.

Notes
Turn   | Place    | Note
--------------------------------------------------------------
     0 | D:1      | ztt the Minotaur Berserker began the quest for the Orb.
     0 | D:1      | Reached XP level 1. HP: 19/19 MP: 0/0
   243 | D:3      | Noticed a wight
   249 | D:3      | Killed a wight
   249 | D:3      | Reached skill level 4 in Fighting
   249 | D:3      | Reached XP level 2. HP: 28/28 MP: 1/1
   249 | D:3      | Reached XP level 3. HP: 34/34 MP: 2/2
   292 | D:5      | Entered Level 5 of the Dungeon
   292 | D:5      | Found a glowing drain.
   292 | D:5      | Noticed an ogre
   295 | D:5      | Noticed a sky beast
   304 | D:5      | Killed an ogre
   304 | D:5      | Reached skill level 5 in Fighting
   304 | D:5      | Reached skill level 5 in Axes
   304 | D:5      | Reached XP level 4. HP: 42/42 MP: 3/3
   304 | D:5      | Reached XP level 5. HP: 48/48 MP: 4/4
   311 | D:5      | Killed a sky beast
   354 | D:5      | Reached XP level 6. HP: 30/56 MP: 5/5
   402 | D:5      | Noticed cireshan's ghost (experienced DECj)
   415 | D:5      | HP: 2/56 [battlesphere[cireshan's ghost] (2)]
   423 | D:4      | HP: 1/56 [jackal (2)]
   687 | D:5      | Killed cireshan's ghost
   687 | D:5      | Reached skill level 6 in Fighting
   687 | D:5      | Reached XP level 7. HP: 63/63 MP: 6/6
   723 | D:7      | Found Xeciatz's Weapon Boutique.
   727 | D:7      | Found Cuatast's Jewellery Boutique.
   839 | D:7      | Reached skill level 5 in Dodging
   988 | D:8      | Acquired Trog's second power
  1007 | D:8      | HP: 1/64 [orc warrior/hand axe (16)]
  1008 | D:8      | Mangled by an orc warrior

Vault maps used:
D:1:      dpeg_arrival_orchard, serial_bayou_pond_c, minmay_misc_feat_nine_boxes
D:2:      ecumenical_altar_1, minmay_hedge_maze, grunt_ministairs_6,
          uniq_sigmund
D:3:      first_bread, uniq_purgy
D:4:      xom_butterflies, serial_shops, shop, uniq_crazy_yiuf_cottage
D:5:      portal_sewer_entry_c
D:6:      minmay_temple_entry_statues_fountains, moated_statue,
          kennysheep_cluttered_room
D:7:      serial_shops, shop, nicolae_shop_waterfront, nicolae_shop_waterfront,
          shop, serial_curves, eino_curves_01, eino_curves_02, eino_curves_04,
          eino_curves_03, the_bakery, kennysheep_generic_room_16
D:8:      wad_woods_minihive

Action                   |  1- 3 |  4- 6 |  7- 9 || total
-------------------------+-------+-------+-------++-------
Melee: Hand axe          |    23 |    35 |    38 ||    96
Invok: Berserk           |     2 |     2 |     3 ||     7
  Use: Potion            |       |       |     1 ||     1
  Eat: Chunk             |       |     2 |       ||     2
       Fruit             |       |     1 |     1 ||     2
       Bread ration      |       |       |     1 ||     1
       Beef jerky        |       |       |     1 ||     1
